 Dungeon Crawl Stone Soup version 0.22.1-2-g9c5b331 (webtiles) character file.

80 Kaits the Skirmisher (level 4, -4/37 HPs)
             Began as a Demonspawn Chaos Knight on Dec 28, 2018.
             Slain by an iguana (8 damage)
             ... on level 2 of the Dungeon.
             The game lasted 00:09:45 (944 turns).

Kaits the Skirmisher (Demonspawn Chaos Knight)       Turns: 944, Time: 00:09:45

Health: -4/37      AC:  7    Str: 13    XL:     4   Next: 18%
Magic:  4/4        EV: 11    Int: 13    God:    Xom [.*....]
Gold:   65         SH:  0    Dex: 13    Spells: 3/3 levels left

rFire    . . .     SeeInvis .   a - +0 hand axe (chaos)
rCold    . . .     Gourm    .   (no shield)
rNeg     . . .     Faith    .   b - +2 leather armour
rPois    .         Spirit   .   (no helmet)
rElec    .         Reflect  .   (no cloak)
rCorr    .         Harm     .   (no gloves)
MR       .....                  (no boots)
Stlth    +.........             (no amulet)
HPRegen  0.12/turn              (no ring)
MPRegen  0.09/turn              (no ring)

@: no status effects
A: icy blue scales 1, powered by death 1
a: Renounce Religion


You were on level 2 of the Dungeon.
You worshipped Xom.
You were a plaything of Xom.
You were not hungry.

You visited 1 branch of the dungeon, and saw 2 of its levels.

You collected 65 gold pieces.

Inventory:

Hand Weapons
 a - a +0 hand axe of chaos (weapon)
 f - a +3 hunting sling
Missiles
 d - 42 arrows
 h - 59 sling bullets
Armour
 b - a +2 leather armour (worn)
Scrolls
 g - 2 scrolls of identify
 j - a scroll of teleportation {unknown}
Comestibles
 c - 3 rations


   Skills:
 + Level 3.7 Fighting
 + Level 3.6 Axes
 + Level 2.2 Armour
 + Level 1.2 Dodging
 + Level 0.6 Stealth


You had 3 spell levels left.
You didn't know any spells.
Your spell library was empty.

Dungeon Overview and Level Annotations

Branches:
Dungeon (2/15)

Altars:

Annotations:
D:2 Robin


Innate Abilities, Weirdness & Mutations

You are partially covered in icy blue scales. (AC +2)
You regenerate a little health from kills.


Message History

The goblin shoots a stone.
The stone hits you but does no damage.
You see here 3 stones.
You closely miss the iguana. The iguana bites you!
* * * LOW HITPOINT WARNING * * *
You hit the iguana.
You feel better.
The iguana is moderately wounded.
The iguana barely misses you. The iguana bites you.
* * * LOW HITPOINT WARNING * * *
You hit the iguana.
The iguana seems to slow down.
The iguana is heavily wounded.
You hit the iguana.
The iguana is almost dead.
The iguana barely misses you.
You hit the iguana but do no damage.
The iguana is almost dead.
The iguana is no longer moving slowly.
The iguana closely misses you.
You completely miss the iguana.
The iguana is almost dead.
The iguana bites you!
You die...

...#.....# ###..###...
... .## # .. . .# .. .g
## .## g## ..###g...
#§§.g.g.# ###gg§....#
#@lg§#######
#.>.§§#######...#######
...#.## ##$..###...# #
##...###....
#.....##..#. # ..## .#
...#...#..## # ..# .##
..###....### #
#.####<.# ..###....###
## #.#.....#
..###...####


You could see an iguana, a hobgoblin and a goblin.

Vanquished Creatures
  Terence (D:2)
  2 gnolls (D:2)
  A worm (D:2)
  A dart slug (D:2)
  2 leopard geckos (D:1)
  3 bats
  3 giant cockroaches (D:1)
  A goblin (D:1)
  2 hobgoblins
  2 jackals (D:1)
  4 kobolds
  5 frilled lizards
  5 rats
32 creatures vanquished.

Notes
Turn   | Place    | Note
-------+----------+-------------------------------------------
     0 | D:1      | Kaits the Demonspawn Chaos Knight began the quest for the
                  | Orb.
     0 | D:1      | Reached XP level 1. HP: 18/18 MP: 1/1
   158 | D:1      | Gained mutation: You regenerate a little health from kills.
                  | [demonic ancestry]
   158 | D:1      | Reached XP level 2. HP: 14/24 MP: 2/2
   235 | D:1      | XOM: divination: detect creatures
   257 | D:1      | XOM: cloud trail
   593 | D:2      | XOM: smoke on damage
   668 | D:2      | XOM: confuse monster(s)
   678 | D:2      | Reached skill level 1 in Dodging
   678 | D:2      | Reached XP level 3. HP: 25/29 MP: 3/3
   772 | D:2      | Noticed Terence
   784 | D:2      | XOM: blink monster(s)
   791 | D:2      | Killed Terence
   791 | D:2      | Gained mutation: You are partially covered in icy blue
                  | scales. (AC +2) [demonic ancestry]
   791 | D:2      | Reached XP level 4. HP: 6/37 MP: 4/4
   857 | D:2      | XOM: butterfly on damage
   880 | D:2      | XOM: polymorph butterfly -> quokka
   907 | D:2      | XOM: harmless Necr miscast
   931 | D:2      | XOM: 4-stop teleportation journey
   932 | D:2      | Noticed Robin
   944 | D:2      | Slain by an iguana

Skill      XL: |  1  2 |
---------------+-------+-----
Axes           | 3 |  3.6
Armour         | 2 |  2.2
Dodging        | 1 |  1.2
Fighting       | |  3.7
Stealth        | |  0.6

Action                   |  1- 3 |  4- 6 || total
-------------------------+-------+-------++-------
Melee: Hand axe          |   107 |    25 ||   132
 Fire: Hunting sling     |     1 |       ||     1
  Use: Scroll            |     2 |     1 ||     3
       Potion            |       |     1 ||     1
 Stab: Confused          |     2 |       ||     2
       Paralysed         |     2 |       ||     2
Armor: Leather armour    |    41 |     7 ||    48
Dodge: Dodged            |    72 |    12 ||    84
